 Dungeon Sprint DCSS version 0.19-a0-1553-g64c24c3 (webtiles) character file.

82 poirepourri the Covert (level 4, -8/21 HPs)
             Began as a Spriggan Enchanter on Sept 14, 2016.
             Splashed by an oklob sapling priest's acid (14 damage)
             ... in the Dungeon (Sprint IV: "Fedhas' Mad Dash").
             The game lasted 00:00:51 (132 turns).

poirepourri the Covert (Spriggan Enchanter)          Turns: 132, Time: 00:00:51

Health: -8/21      AC:  0    Str:  4    XL:     4   Next: 21%
Magic:  4/9        EV: 21    Int: 16    God:
Gold:   54         SH:  0    Dex: 17    Spells: 3 memorised, 2 levels left

rFire  . . .     SeeInvis +     a - +1 dagger
rCold  . . .     Gourm    .     b - +1 robe
rNeg   . . .     Faith    .     (shield restricted)
rPois  .         Spirit   .     (helmet restricted)
rElec  .         Dismiss  .     k - +0 cloak
rCorr  .         Reflect  .     (gloves unavailable)
MR     .....     Harm     .     (boots unavailable)
Stlth  +++++..... NoTele   +    i - amulet of invisibility {+Inv}
                                (no ring)
                                (no ring)

@: corroded, very quick
A: unfitting armour, see invisible, herbivore 3, speed 3, slow metabolism 2
a: Evoke Invisibility


You were in the Dungeon.
You were not hungry.

You visited 1 branch You collected 54 gold pieces.

Inventory:

Hand Weapons
 a - a +1 dagger (weapon)
Armour
 b - a +1 robe (worn)
 k - a +0 cloak (worn)
Jewellery
 i - the amulet of invisibility (around neck) {+Inv}
   (You found it in the Dungeon)

   [amulet of nothing]

   It lets you turn invisible.
Scrolls
 j - a scroll of blinking
Potions
 e - a potion of curing
 f - a potion of heal wounds
 g - a potion of haste
 h - 2 potions of magic
Books
 c - a book of Maledictions

   Spells                             Type                      Level
   a - Corona                         Hexes                        1
   b - Ensorcelled Hibernation        Hexes/Ice                    2
   c - Confuse                        Hexes                        3
   d - Tukima's Dance                 Hexes                        3
   e - Dazzling Spray                 Conjuration/Hexes            3
Comestibles
 d - a bread ration


   Skills:
 + Level 0.5 Fighting
 + Level 3.5 Short Blades
 + Level 6.0 Dodging
 + Level 11.0 Stealth
 - Level 2.6 Spellcasting
 - Level 3.6 Hexes


You had 2 spell levels left.
You knew the following spells:

 Your Spells              Type           Power        Failure   Level  Hunger
a - Corona                Hex            ##.....      6%          1    #......
b - Ensorcelled Hibernat  Hex/Ice        #.....       17%         2    ##.....
c - Confuse               Hex            ##......     14%         3    ###....


Dungeon Overview and Level Annotations

Branches:
Dungeon (1/1)

Altars:
Cheibriados
Dithmenos
Elyvilon
Gozag
Hepliaklqana
Kikubaaqudgha
Makhleb
Nemelex Xobeh
Okawaru
Qazlal
Ru
Sif Muna
Trog
Uskayaw
Vehumet
Xom
Yredelemnul
Zin
The Shining One
Beogh
Jiyva
Lugonu

Annotations:
D exclusion: oklob sapling


Innate Abilities, Weirdness & Mutations

You are tiny and cannot use many weapons and most armour.
You have supernaturally acute eyesight. (SInv)
You are a herbivore.
You cover ground extremely quickly.
You need consume almost no food.


Message History

The oklob sapling priest spits acid at you.
The splash of acid misses you.
You hit the oklob sapling priest but do no damage.
You hit the oklob sapling priest but do no damage.
The oklob sapling priest mumbles some strange prayers to its god against you.
Something smites you!
Ouch! That really hurt!
You hit the oklob sapling priest but do no damage.
Casting: Confuse
Confirm with . or Enter, or press ? or * to list all spells.
Aiming: Confuse
Press: ? - help, Shift-Dir - straight line, f/p - oklob sapling priest
Aim: an oklob sapling priest (chance to defeat MR: 44%)
The oklob sapling priest resists with some effort.
The oklob sapling priest spits acid at you.
The splash of acid hits you!
* * * LOW HITPOINT WARNING * * *
The acid corrodes you!
The acid burns!
Ouch! That really hurt!
You die...

########################
...#.....#.⌠._._._._.⌠.#
...'.#...'.._._._._._..+
...#.#†..#..._._P_._...#
#######'##.._._.@._._..#
+...#.⌠._._._._.⌠.#
#...###############
#####


You could see an oklob sapling priest.

Vanquished Creatures
  2 oklob saplings (D)
  A worker ant (D)
  A river rat (D)
  A rat (D)
5 creatures vanquished.

Notes
Turn   | Place    | Note
-------+----------+-------------------------------------------
     0 | D        | poirepourri the Spriggan Enchanter began the quest for the Orb.
     0 | D        | Reached XP level 1. HP: 9/9 MP: 5/5
    21 | D        | Reached skill level 6 in Stealth
    21 | D        | Reached XP level 2. HP: 13/13 MP: 4/6
    24 | D        | Reached skill level 7 in Stealth
    48 | D        | Learned a level 2 spell: Ensorcelled Hibernation
    56 | D        | Noticed an oklob sapling
    58 | D        | Killed an oklob sapling
    58 | D        | Reached skill level 5 in Dodging
    58 | D        | Reached skill level 9 in Stealth
    58 | D        | Reached XP level 3. HP: 16/16 MP: 8/8
    62 | D        | Reached skill level 10 in Stealth
    89 | D        | Learned a level 3 spell: Confuse
    92 | D        | Noticed an oklob sapling
    95 | D        | Killed an oklob sapling
    95 | D        | Reached skill level 11 in Stealth
    95 | D        | Reached XP level 4. HP: 21/21 MP: 9/9
   108 | D        | Found an opulent altar of Gozag.
   108 | D        | Found a hazy altar of Hepliaklqana.
   108 | D        | Found a burning altar of Makhleb.
   108 | D        | Found a roughly hewn altar of Beogh.
   108 | D        | Found a sparkling altar of Nemelex Xobeh.
   108 | D        | Found a snail-covered altar of Cheibriados.
   108 | D        | Found a sacrificial altar of Ru.
   108 | D        | Found a deep blue altar of Sif Muna.
   108 | D        | Found a shimmering altar of Xom.
   108 | D        | Found a basalt altar of Yredelemnul.
   109 | D        | Found a viscous altar of Jiyva.
   109 | D        | Found a bloodstained altar of Trog.
   110 | D        | Found an iron altar of Okawaru.
   110 | D        | Found a glowing silver altar of Zin.
   110 | D        | Found a shadowy altar of Dithmenos.
   111 | D        | Found a hide-covered altar of Uskayaw.
   111 | D        | Found an ancient bone altar of Kikubaaqudgha.
   113 | D        | Found a glowing golden altar of the Shining One.
   113 | D        | Found a stormy altar of Qazlal.
   113 | D        | Found a white marble altar of Elyvilon.
   114 | D        | Found a radiant altar of Vehumet.
   114 | D        | Found a corrupted altar of Lugonu.
   132 | D        | Splashed by an oklob sapling priest's acid

Vault maps used:
D:        dungeon_sprint_fedhas

Skill      XL: |  1  2  3 |
---------------+----------+-----
Dodging        | 4 5 6 |  6.0
Stealth        | 6 9 11 | 11.0
Short Blades   | 2 3 |  3.5
Fighting       | |  0.5
Spellcasting   | |  2.6
Hexes          | |  3.6

Action                   |  1- 3 |  4- 6 || total
-------------------------+-------+-------++-------
Melee: Dagger            |    11 |    14 ||    25
 Cast: Corona            |     1 |       ||     1
       Confuse           |       |     2 ||     2
  Use: Potion            |     1 |       ||     1
       Scroll            |     1 |       ||     1
 Stab: Sleeping          |     3 |       ||     3
Dodge: Dodged            |     6 |     1 ||     7
